 Dungeon Crawl Stone Soup version 0.25-a0-316-gd28d56f9c5 (webtiles) character file.

Game seed: 8698456705808431168, levelgen mode: deterministic

33551 Lanoc the Grappler (level 13, -10/131 HPs)
             Began as a Troll Transmuter on Dec 25, 2019.
             Was the Champion of Cheibriados.
             Mangled by an enormous slime creature (56 damage)
             ... on level 14 of the Dungeon.
             The game lasted 00:29:59 (10898 turns).

Lanoc the Grappler (Troll Transmuter)              Turns: 10898, Time: 00:30:00

Health: -10/131    AC:  9    Str: 44    XL:     13   Next: 37%
Magic:  11/13      EV: 19    Int: 21    God:    Cheibriados [******]
Gold:   741        SH:  0    Dex: 27    Spells: 10/14 levels left

rFire    + . .     SeeInvis .     - Unarmed
rCold    . . .     Gourm    +   (no shield)
rNeg     . . .     Faith    .   C - +2 robe {rC+}
rPois    .         Spirit   .   (helmet restricted)
rElec    +         Reflect  .   D - +0 cloak
rCorr    .         Harm     .   (gloves unavailable)
MR       .....                  (boots unavailable)
Stlth    ++........             r - amulet of magic regeneration
HPRegen  0.71/turn              p - ring "Buosiph" {Fire rElec Str+8 Int-5}
MPRegen  0.38/turn              z - ring of wizardry

@: about to teleport, appendage, very slow
A: large, unfitting armour, claws 3, talons 3, fast metabolism 3, gourmand,
regeneration 1, shaggy fur 1, tough skin 3
a: End Transformation, Bend Time, Temporal Distortion, Slouch, Step From Time,
Renounce Religion


You were on level 14 of the Dungeon.
You worshipped Cheibriados.
Cheibriados was exalted by your worship.
You were full.
You had grown temporary talons.
You visited 2 branches of the dungeon, and saw 16 of its levels.

You collected 1041 gold pieces.
You spent 300 gold pieces at shops.

Inventory:

Hand Weapons
 G - a +0 scimitar of flaming
Missiles
 a - 439 arrows
 O - 6 curare-tipped darts (quivered)
Armour
 C - a +2 robe of cold resistance (worn)
 D - a +0 cloak (worn)
Jewellery
 k - an uncursed ring of poison resistance
 p - the ring "Buosiph" (left claw) {Fire rElec Str+8 Int-5}
   (You found it on level 7 of the Dungeon)

   [ring of fire]

   It enhances your fire magic.
   It affects your strength (+8).
   It affects your intelligence (-5).
   It protects you from fire.
   It makes you vulnerable to cold.
   It insulates you from electricity.
 r - an amulet of magic regeneration (around neck)
 z - a ring of wizardry (right claw)
 B - an uncursed ring of flight
 K - an uncursed ring of protection from cold
 M - an uncursed ring of positive energy
Wands
 b - a wand of iceblast (18)
 v - a wand of disintegration (33)
 x - a wand of paralysis (8)
 y - a wand of flame (53)
 A - a wand of polymorph (7)
 F - a wand of scattershot (6)
 I - a wand of acid (12)
 L - a wand of clouds (7)
Scrolls
 c - 7 scrolls of remove curse
 e - 4 scrolls of teleportation
 i - 3 scrolls of immolation {unknown}
 m - 2 scrolls of magic mapping
 n - 2 scrolls of enchant weapon {unknown}
 q - 3 scrolls of fear {unknown}
 s - 5 scrolls of fog {unknown}
 u - 2 scrolls of amnesia
 E - a scroll of enchant armour
 H - a scroll of brand weapon
 Q - a scroll of identify
Potions
 f - 4 potions of might
 g - 2 potions of ambrosia
 h - 3 potions of invisibility
 j - 7 potions of heal wounds
 l - 6 potions of curing
 o - 2 potions of flight
 J - 2 potions of brilliance
 N - a potion of agility
 P - a potion of cancellation
Miscellaneous
 t - a sack of spiders
 w - a lightning rod (4/4)
Comestibles
 d - 26 rations


   Skills:
 + Level 9.1 Fighting
 + Level 9.2 Dodging
 * Level 14.8 Unarmed Combat
 - Level 1.2 Spellcasting
 + Level 8.4 Transmutations


You had 10 spell levels left.
You knew the following spells:

 Your Spells              Type           Power        Failure   Level  Hunger
a - Beastly Appendage     Tmut           #####.       1%          1    ##.....
b - Sticks to Snakes      Tmut           #####...     1%          2    ###....
c - Sting                 Tmut/Pois      ###.         1%          1    ##.....

Your spell library contained the following spells:

 Spells                   Type           Power        Failure   Level  Hunger
 Spider Form              Tmut/Pois      ###.......   3%          3    ####...
 Animate Skeleton         Necr           N/A          6%          1    ##.....
 Corona                   Hex            #......      6%          1    ##.....
 Pain                     Necr           #...         6%          1    ##.....
 Ignite Poison            Fire/Tmut/Pois ###.....     6%          3    ####...
 Blade Hands              Tmut           #####.....   6%          5    ######.
 Poisonous Vapours        Pois/Air       #.....       10%         2    ###....
 Slow                     Hex            #.......     10%         2    ###....
 Ice Form                 Ice/Tmut       ###.....     12%         4    #####..
 Inner Flame              Hex/Fire       #.......     19%         3    ####...
 Mephitic Cloud           Conj/Pois/Air  #.......     19%         3    ####...
 Portal Projectile        Hex/Tloc       #.....       19%         3    ####...
 Regeneration             Chrm/Necr      #.........   19%         3    ####...
 Vampiric Draining        Necr           #.........   19%         3    ####...
 Animate Dead             Necr           N/A          52%         4    #####..
 Cause Fear               Hex            #.........   52%         4    #####..
 Leda's Liquefaction      Hex/Erth       #.........   52%         4    #####..
 Olgreb's Toxic Radiance  Pois           #.......     52%         4    #####..


Dungeon Overview and Level Annotations

Branches:
Dungeon (15/15)            Temple (1/1) D:4            Lair (0/6) D:8
    Orc (0/2) D:11         Vaults (0/5) D:14
 Depths: D:15

Altars:
Ashenzari
Cheibriados
Dithmenos
Elyvilon
Fedhas
Gozag
Hepliaklqana
Kikubaaqudgha
Makhleb
Nemelex Xobeh
Okawaru
Qazlal
Ru
Sif Muna
Trog
Uskayaw
Vehumet
Wu Jian
Xom
Yredelemnul
Zin
The Shining One
Lugonu

Shops:
D:12 !(   D:13 *

Annotations:
D:14 2 runed translucent doors, Lanoc's ghost, journeyman MfBe


Innate Abilities, Weirdness & Mutations

You are too large for most types of armour.
You have claws for hands.
Your metabolism is lightning-fast.
You like to eat raw meat.
Your natural rate of healing is unusually fast.
You are covered in fur. (AC +1)
You have extremely tough skin. (AC +3)
You have claws for feet.


Message History

You claw the very large slime creature.
The very large slime creature is moderately wounded.
The very large slime creature hits you!!
You claw the very large slime creature!
You claw the very large slime creature!!
The very large slime creature is heavily wounded.
The slime creature closely misses you.
The very large slime creature hits you!!!
* * * LOW HITPOINT WARNING * * *
Two slime creatures merge to form an enormous slime creature.
The flow of time bends around you.
The enormous slime creature easily resists.
You feel slightly less full.
Okay, then.
Unknown command.
Unknown command.
As you read the scroll of teleportation, it crumbles to dust.
You feel strangely unstable. The enormous slime creature misses you.
You feel much better. The enormous slime creature hits you!!!
You die...

##############.............
#∩#(#.#.#.#.###............
#.#.#.#.#.#.#.............
#.#J#.#.#.###........##..
#.#.#.#.#.###.#......#..
#.#.#.#.##.............
#J#.#)#.#.####(.......
#.#J#.##.# #####....
#.#.#@#.#[# #....
########..# ##.... ####
#..... #..... ##.... ##...
####


You could see an enormous slime creature and a slime creature (wandering).

Vanquished Creatures
  Kirke (D:13)
  Azrael (D:14)
  Erolcha (D:12)
  A vault guard (D:14)
  2 centaur warriors (D:14)
  4 two-headed ogres
  Urug (D:13)
  3 unseen horrors
  4 skeletal warriors (D:13)
  The ghost of twoshot the Thaumaturge, a novice DEFE (D:7)
  2 deep elf magi
  A mana viper (shapeshifter) (D:15)
  3 ugly things
  A cyclops (D:11)
  A wolf spider (D:14)
  Maurice (D:7)
  3 centaur skeletons
  A naga mage (D:13)
  A gargoyle (D:10)
  A kobold demonologist (D:11)
  A freezing wraith (D:14)
  A yaktaur (D:13)
  A komodo dragon (D:8)
  A tengu conjurer (D:13)
  2 trolls
  A queen bee (shapeshifter) (D:14)
  12 slime creatures
  A meliai zombie (D:13)
  5 hippogriffs
  Sigmund (D:3)
  A wyvern (D:14)
  A shadow (D:12)
  2 wraiths
  A fire elemental (D:14)
  2 hogs (D:13)
  A hungry ghost (D:8)
  A steam dragon (D:11)
  4 vampire mosquitoes (D:13)
  Menkaure (D:5)
  A soldier ant (D:12)
  An acid dragon (D:15)
  4 hell hounds (D:14)
  11 orc warriors
  A black bear (D:9)
  3 phantoms
  3 sky beasts
  A necrophage (D:7)
  8 ice beasts
  4 ogres
  An eye of draining (D:9)
  A boggart (D:13)
  2 crocodiles
  12 centaurs
  3 big kobolds
  9 bullfrogs
  Blork the orc (D:5)
  A wyvern zombie (D:13)
  6 jellies
  2 scorpions
  A wyvern skeleton (D:13)
  4 killer bees (D:12)
  3 wights (D:10)
  3 howler monkeys
  5 electric eels (D:11)
  8 crimson imps
  A quasit (D:10)
  4 hounds
  2 wyvern simulacra (D:7)
  A bullfrog skeleton (D:11)
  A gnoll shaman (D:4)
  8 orc priests
  17 orc wizards
  2 iguanas
  Ijyb (D:4)
  Terence (D:2)
  8 worker ants
  A killer bee zombie (D:10)
  2 howler monkey skeletons
  12 adders
  5 gnolls
  2 hound simulacra (D:7)
  5 shadow imps
  2 white imps (D:7)
  3 oozes
  An adder skeleton (D:8)
  2 worms
  5 leopard geckos
  63 orcs
  8 bats
  3 giant cockroaches
  9 goblins
  9 hobgoblins
  13 jackals
  2 quokkas
  7 frilled lizards
  A giant cockroach zombie (D:5)
  21 kobolds
  2 rats
  A spectral orc (D:2)
398 creatures vanquished.

Vanquished Creatures (collateral kills)
  A hell hound (D:14)
1 creature vanquished.

Vanquished Creatures (others)
  A plant (D:8)
1 creature vanquished.

Grand Total: 400 creatures vanquished

Notes
Turn   | Place    | Note
-------+----------+-------------------------------------------
     0 | D:1      | Lanoc the Troll Transmuter began the quest for the Orb.
     0 | D:1      | Reached XP level 1. HP: 18/18 MP: 1/1
    77 | D:1      | Reached skill level 1 in Fighting
    77 | D:1      | Reached XP level 2. HP: 26/27 MP: 2/2
   756 | D:2      | Reached XP level 3. HP: 32/33 MP: 3/3
   863 | D:2      | Learned a level 2 spell: Sticks to Snakes
  1003 | D:2      | Found a basalt altar of Yredelemnul.
  1134 | D:2      | Found a sparkling altar of Nemelex Xobeh.
  1135 | D:2      | Found an opulent altar of Gozag.
  1242 | D:2      | Reached XP level 4. HP: 31/41 MP: 4/4
  1336 | D:3      | Reached skill level 4 in Unarmed Combat
  1511 | D:3      | Noticed Sigmund
  1515 | D:3      | Noticed Terence
  1524 | D:3      | Reached skill level 8 in Unarmed Combat
  1524 | D:3      | Reached XP level 5. HP: 32/55 MP: 2/5
  1569 | D:2      | Reached skill level 5 in Fighting
  1569 | D:2      | Reached skill level 5 in Dodging
  1569 | D:2      | Reached skill level 10 in Unarmed Combat
  1569 | D:2      | Reached skill level 5 in Transmutations
  1569 | D:2      | Reached XP level 6. HP: 62/66 MP: 6/6
  1628 | D:2      | Killed Terence
  1650 | D:3      | Killed Sigmund
  1650 | D:3      | Reached XP level 7. HP: 55/74 MP: 0/7
  2083 | D:4      | Found a staircase to the Ecumenical Temple.
  2092 | Temple   | Entered the Ecumenical Temple
  2127 | Temple   | Became a worshipper of Cheibriados the Contemplative
  2156 | D:4      | Found a hazy altar of Hepliaklqana.
  2156 | D:4      | Noticed Ijyb
  2165 | D:4      | Killed Ijyb
  2678 | D:5      | Entered Level 5 of the Dungeon
  2730 | D:5      | Noticed Menkaure
  2740 | D:5      | Reached XP level 8. HP: 46/83 MP: 6/8
  2741 | D:5      | Killed Menkaure
  2745 | D:5      | Found a radiant altar of Vehumet.
  2956 | D:5      | Noticed Blork the orc
  2964 | D:5      | Killed Blork the orc
  2964 | D:5      | Reached * piety under Cheibriados
  3477 | D:6      | Reached ** piety under Cheibriados
  3494 | D:6      | Reached XP level 9. HP: 79/89 MP: 9/9
  3649 | D:6      | Found a stormy altar of Qazlal.
  3931 | D:7      | Found a runed translucent gate.
  3932 | D:7      | Found a runed translucent gate.
  3933 | D:7      | Found a runed translucent gate.
  3956 | D:7      | Noticed twoshot's ghost (novice DEFE)
  4025 | D:7      | Reached skill level 11 in Unarmed Combat
  4550 | D:7      | Killed twoshot's ghost
  4550 | D:7      | Reached *** piety under Cheibriados
  4569 | D:7      | Reached XP level 10. HP: 100/100 MP: 8/10
  4602 | D:7      | Got the ring "Buosiph" {Fire}
  4607 | D:7      | Identified the ring "Buosiph" {Fire rElec Str+8 Int-5} (You
                  | found it on level 7 of the Dungeon)
  4682 | D:8      | Noticed Maurice
  4701 | D:7      | Killed Maurice
  4836 | D:8      | Found a radiant altar of Vehumet.
  4874 | D:8      | Learned a level 1 spell: Sting
  4877 | D:8      | Found a staircase to the Lair.
  5162 | D:9      | Reached **** piety under Cheibriados
  5164 | D:9      | Found an ornate altar of the Wu Jian Council.
  5184 | D:9      | Found a glowing silver altar of Zin.
  5184 | D:9      | Found an ancient bone altar of Kikubaaqudgha.
  5233 | D:9      | Found a shattered altar of Ashenzari.
  5523 | D:9      | Found a burning altar of Makhleb.
  5523 | D:9      | Found a shimmering altar of Xom.
  5753 | D:9      | Found a bloodstained altar of Trog.
  5765 | D:9      | Found a shimmering blue altar of Sif Muna.
  5862 | D:10     | Entered Level 10 of the Dungeon
  6119 | D:10     | Noticed a gargoyle
  6122 | D:10     | Killed a gargoyle
  6375 | D:10     | Reached ***** piety under Cheibriados
  6625 | D:11     | Killed an unseen horror
  6635 | D:11     | Reached skill level 12 in Unarmed Combat
  6637 | D:11     | Noticed a two-headed ogre
  6647 | D:11     | Killed a two-headed ogre
  6647 | D:11     | Reached XP level 11. HP: 75/109 MP: 9/11
  7164 | D:11     | Found a staircase to the Orcish Mines.
  7610 | D:12     | Noticed a brown ugly thing
  7625 | D:11     | Killed a brown ugly thing
  7813 | D:12     | Reached ****** piety under Cheibriados
  7859 | D:12     | Noticed a deep elf mage
  7871 | D:12     | Killed a deep elf mage
  7887 | D:12     | Found Vosade's Distillery.
  7888 | D:12     | Bought a potion of heal wounds for 60 gold pieces
  7888 | D:12     | Bought a potion of might for 48 gold pieces
  7888 | D:12     | Bought a potion of agility for 48 gold pieces
  7888 | D:12     | Bought a potion of invisibility for 96 gold pieces
  7892 | D:12     | Bought a potion of brilliance for 48 gold pieces
  8032 | D:12     | Killed an unseen horror
  8124 | D:12     | Noticed a two-headed ogre
  8128 | D:12     | Killed a two-headed ogre
  8148 | D:12     | Found Funwuumiyr's Weapon Shoppe.
  8168 | D:12     | Found a snail-covered altar of Cheibriados.
  8175 | D:12     | Reached skill level 13 in Unarmed Combat
  8321 | D:12     | Reached XP level 12. HP: 110/119 MP: 12/12
  8379 | D:12     | Noticed a two-headed ogre
  8383 | D:12     | Killed a two-headed ogre
  8554 | D:13     | Noticed Urug
  8565 | D:13     | Killed Urug
  9195 | D:13     | Found Cuasiq's Serpentskin Sales.
  9309 | D:13     | Noticed Erolcha
  9330 | D:12     | Killed Erolcha
  9547 | D:13     | Reached skill level 14 in Unarmed Combat
  9615 | D:13     | Noticed Kirke
  9630 | D:13     | Killed Kirke
  9735 | D:13     | You fall into a shaft and drop 2 floors!
  9735 | D:15     | Entered Level 15 of the Dungeon
  9908 | D:14     | Reached XP level 13. HP: 95/128 MP: 13/13
  9975 | D:14     | Noticed Azrael
 10001 | D:14     | Killed Azrael
 10034 | D:14     | You fall into a shaft and drop 1 floor!
 10158 | D:14     | Found the +4 skin of Zhor {Hibernate rC+++ SInv}
 10183 | D:14     | Found a runed translucent door.
 10189 | D:14     | Found a runed translucent door.
 10199 | D:14     | Noticed a fire giant
 10200 | D:14     | Noticed a lich
 10204 | D:14     | Noticed Lanoc's ghost (journeyman MfBe)
 10613 | D:14     | Found a gate to the Vaults.
 10898 | D:14     | Mangled by an enormous slime creature

Levels and vault maps discovered:
D:1:      minmay_arrival_four_circles, layout_loops_ring, dk_noncrumbling_4,
          moated_statue
D:2:      cheibrodos_greedy_goblins, layout_rooms,
          grunt_temple_overflow_opulence, yredelemnul_forgotten_temple_becter,
          kennysheep_generic_room_14
D:3:      layout_rooms, uniq_terence, uniq_sigmund
D:4:      layout_basic, lemuel_crystal_altar, minmay_temple_entry_butterflies,
          first_ration, uniq_ijyb
D:5:      layout_loops_ring, vehumet_altar_wand_db, uniq_blork_the_orc,
          uniq_menkaure
D:6:      layout_rooms, lemuel_doored_altar
D:7:      layout_basic, gammafunk_ghost_icy
D:8:      layout_rooms, nicolae_overflow_crystal_walls, david_lair_shrubbed,
          uniq_maurice
D:9:      layout_loops_ring, grunt_temple_overflow_champion_of_chaos,
          kennysheep_mini_moat, chequers_temple_overflow_statue_of_worship,
          amethyst_overflow_temple_binary, ashenzari_altar_1
D:10:     layout_grid_maze
D:11:     layout_basic, erik_orc_2, grunt_ogre_cave, minmay_misc_feat_nine_boxes
D:12:     layout_basic, serial_shops, shop, nicolae_shop_waterfront,
          cheibriados_altar_1
D:13:     minmay_opposing_rooms, layout_gridville, guppyfry_shop_venom,
          uniq_urug, uniq_kirke, uniq_erolcha
D:14:     layout_cave_pools, david_vaults_5, serial_park_tiny_pond,
          muffindrake_ghost_dual_entry, uniq_azrael
D:15:     grunt_enter_depths_giant_problem, layout_basic, serial_bayou_shore_b
Temple:   corrupted_temple

Skill      XL: |  1  2  3  4  5  6  7  8  9 10 11 12 13 |
---------------+----------------------------------------+-----
Fighting       | 1 4 5 6 7 8 9 |  9.1
Dodging        | 2 4 5 6 7 8 9 |  9.2
Unarmed Combat | 8 10 11 12 13 14 | 14.8
Transmutations | 4 5 6 7 8 |  8.4
Spellcasting   | |  1.2

Action                   |  1- 3 |  4- 6 |  7- 9 | 10-12 | 13-15 || total
-------------------------+-------+-------+-------+-------+-------++-------
Melee: Unarmed           |   133 |    31 |   229 |   489 |    90 ||   972
       Kick              |       |     4 |    24 |    63 |    19 ||   110
       Punch             |       |     1 |     6 |    57 |    11 ||    75
       Headbutt          |       |       |     2 |    55 |    13 ||    70
 Cast: Beastly Appendage |       |     1 |    16 |    47 |     7 ||    71
       Sticks to Snakes  |       |     1 |       |    10 |     1 ||    12
       Sting             |       |       |       |     9 |       ||     9
Invok: Bend Time         |       |       |       |       |     1 ||     1
  Use: Potion            |       |     3 |       |       |     1 ||     4
       Scroll            |       |       |     5 |    12 |     2 ||    19
 Stab: Sleeping          |       |     1 |     2 |    10 |     1 ||    14
       Distracted        |       |       |       |     2 |       ||     2
  Eat: Chunk             |    13 |     8 |    21 |    38 |     6 ||    86
Armor: Robe              |    80 |    11 |    55 |   116 |    18 ||   280
Dodge: Dodged            |    77 |    12 |   115 |   408 |    82 ||   694

Table legend:
 A = Non-vault XP
 B = Vault XP
 C = Vault XP percentage of total XP
 D = Non-vault monster count
 E = Vault monster count
 F = Vault count percentage of total count
                 A         B        C        D         E       F
            +---------+---------+-------+---------+---------+-------
      Total |   31569 |   15896 |  33.5 |     317 |      82 |  20.6
            +---------+---------+-------+---------+---------+-------
        D:1 |      35 |       0 |   0.0 |      12 |       0 |   0.0
        D:2 |      51 |      53 |  51.0 |      19 |      11 |  36.7
        D:3 |      83 |     213 |  72.0 |      13 |       1 |   7.1
        D:4 |     391 |      36 |   8.4 |      18 |       1 |   5.3
        D:5 |     939 |     262 |  21.8 |      32 |       3 |   8.6
        D:6 |     717 |       0 |   0.0 |      17 |       0 |   0.0
        D:7 |    1160 |    1526 |  56.8 |      15 |      11 |  42.3
        D:8 |     926 |     350 |  27.4 |      20 |       1 |   4.8
        D:9 |     841 |      50 |   5.6 |      17 |       1 |   5.6
       D:10 |    1543 |       0 |   0.0 |      24 |       0 |   0.0
       D:11 |    5049 |     938 |  15.7 |      37 |      22 |  37.3
       D:12 |    7944 |     721 |   8.3 |      37 |       1 |   2.6
       D:13 |    5542 |    5919 |  51.6 |      31 |      15 |  32.6
       D:14 |    4761 |    5828 |  55.0 |      20 |      15 |  42.9
       D:15 |    1587 |       0 |   0.0 |       5 |       0 |   0.0
            +---------+---------+-------+---------+---------+-------
